 Dungeon Crawl Stone Soup version 0.22.1-1-ga44c0e5 (webtiles) character file.

485 topirishpotato the Chopper (level 6, -3/55 HPs)
             Began as a Draconian Monk on Sept 20, 2018.
             Killed from afar by an orc wizard (7 damage)
             ... with a magic dart
             ... on level 4 of the Dungeon.
             The game lasted 00:06:07 (4065 turns).

topirishpotato the Chopper (Draconian Monk)         Turns: 4065, Time: 00:06:07

Health: -3/55      AC:  9    Str: 15    XL:     6   Next: 88%
Magic:  6/6        EV: 20    Int: 11    God:
Gold:   253        SH:  0    Dex: 18    Spells: 5/5 levels left

rFire    . . .     SeeInvis .   a - +1 hand axe
rCold    . . .     Gourm    .   (no shield)
rNeg     . . .     Faith    .   (armour unavailable)
rPois    +         Spirit   .   (helmet restricted)
rElec    .         Reflect  .   (no cloak)
rCorr    .         Harm     .   (no gloves)
MR       .....                  o - +2 pair of boots {run}
Stlth    +++.......             (no amulet)
HPRegen  0.18/turn              l - ring of poison resistance
MPRegen  0.10/turn              (no ring)

@: agile, quick
A: unfitting armour, cold-blooded, AC +6
a: no special abilities


You were on level 4 of the Dungeon.
You were very hungry.

You visited 1 branch of the dungeon, and saw 4 of its levels.

You collected 253 gold pieces.

Inventory:

Hand Weapons
 a - a +1 hand axe (weapon)
Armour
 o - a +2 pair of boots of running (worn)
Jewellery
 l - a ring of poison resistance (left hand)
Scrolls
 c - 2 scrolls of enchant armour
 g - a scroll of remove curse
Potions
 d - 4 potions of brilliance
Comestibles
 b - 6 rations


   Skills:
 + Level 4.8 Fighting
 + Level 5.8 Axes
 + Level 4.6 Dodging
 - Level 1.7 Stealth


You had 5 spell levels left.
You didn't know any spells.
Your spell library contained the following spells:

 Spells                   Type           Power        Failure   Level  Hunger
 Magic Dart               Conj           #...         34%         1    ##.....
 Searing Ray              Conj           #.....       47%         2    ###....
 Dazzling Spray           Conj/Hex       #.....       71%         3    ####...
 Force Lance              Conj/Tloc      #.......     98%         4    #####..
 Fulminant Prism          Conj/Hex       #.........   98%         4    #####..
 Iskenderun's Mystic Bla  Conj           #.......     98%         4    #####..


Dungeon Overview and Level Annotations

Branches:
Dungeon (4/15)             Temple (0/1) D:4

Altars:
Trog


Innate Abilities, Weirdness & Mutations

Your plain brown scales are hard. (AC +6)
You cannot fit into any form of body armour.
You are cold-blooded and may be slowed by cold attacks.


Message History

You kill the orc!
You slash the orc wizard!
You hit the worker ant but do no damage.
You hit the orc but do no damage.
The orc wizard points at you and mumbles some strange words.
The magic dart hits you!
The orc priest calls down the wrath of Beogh upon you.
Pain shoots through your body!
* * * LOW HITPOINT WARNING * * *
The worker ant barely misses you.
You hit the orc wizard.
You tail-slap the orc wizard, but do no damage.
The orc wizard is severely wounded.
You slash the worker ant!
You kill the worker ant!
You hit the orc.
You feel sick.
You are no longer poisoned.
The orc wizard gestures at you while chanting.
The magic dart hits you!
You die...

*,,,,,,>,............#.###*,,,,,,
,,,,,,,,,..####.....##.# *,,,***
,,,,,,,,,,,* ##...###.#**#...*,,
,,,,,,,,,,,* #####.##..#*.....+,8
*,,,,,,,,,** #........#**.#...*,,
**,,,*,,,** #........###...###**
*,*****,* #................,,,
*,*****<****#..o............#***
*,**,,,,,,,*#.†@)..o........#
*,**,,,,,,,*#..o.......#....# #
*,**,,,,,,,*#..........#....####
*,**,,,,,,,*#.........÷#....#...
*,**,,,,,,,*#######.÷÷..........
*,**,,,,,,,* #..###....##..
*,**,,,,,,,* ##.###........
*,**,,,,,,,* *..#..........
*,**,,,,,,,* #..###.##.##..


You could see an orc priest, an orc wizard and an orc.

Vanquished Creatures
  Edmund (D:4)
  A hound (D:4)
  Terence (D:2)
  4 worker ants (D:4)
  A hound skeleton (D:4)
  Robin (D:2)
  4 adders
  4 gnolls (D:2)
  An ooze (D:3)
  2 worms (D:3)
  2 dart slugs
  A leopard gecko (D:2)
  3 orcs
  5 bats
  6 giant cockroaches
  12 goblins (D:2)
  10 hobgoblins
  9 jackals
  A quokka (D:2)
  2 ball pythons
  2 frilled lizards (D:2)
  16 kobolds
  11 rats
100 creatures vanquished.

Vanquished Creatures (others)
  A jackal (D:2)
1 creature vanquished.

Grand Total: 101 creatures vanquished

Notes
Turn   | Place    | Note
-------+----------+-------------------------------------------
     0 | D:1      | topirishpotato the Draconian Monk began the quest for the
                  | Orb.
     0 | D:1      | Reached XP level 1. HP: 19/19 MP: 1/1
   348 | D:1      | Reached XP level 2. HP: 11/26 MP: 2/2
   963 | D:2      | Reached XP level 3. HP: 22/33 MP: 3/3
  1280 | D:2      | Reached XP level 4. HP: 19/40 MP: 4/4
  1285 | D:2      | Reached skill level 4 in Axes
  1443 | D:2      | Found a bloodstained altar of Trog.
  1495 | D:2      | Noticed Robin
  1510 | D:2      | HP: 2/40 [Robin/spear (3)]
  1511 | D:2      | Killed Robin
  2223 | D:2      | Noticed Terence
  2237 | D:2      | Killed Terence
  2237 | D:2      | Reached XP level 5. HP: 32/46 MP: 5/5
  3375 | D:3      | Identified a +2 pair of boots of running (You found it on
                  | level 3 of the Dungeon)
  3564 | D:4      | Reached skill level 5 in Axes
  3658 | D:4      | Reached XP level 6. HP: 43/53 MP: 6/6
  3909 | D:4      | Noticed Edmund
  3935 | D:4      | Killed Edmund
  4065 | D:4      | Killed from afar by an orc wizard

Skill      XL: |  1  2  3  4  5 |
---------------+----------------+-----
Dodging        | 3 4 |  4.6
Axes           | 4 5 |  5.8
Fighting       | 4 |  4.8
Stealth        | |  1.7

Action                   |  1- 3 |  4- 6 || total
-------------------------+-------+-------++-------
Melee: Hand axe          |   140 |   271 ||   411
       Tailslap          |     8 |    37 ||    45
  Use: Scroll            |     2 |     5 ||     7
       Potion            |       |     5 ||     5
 Stab: Sleeping          |       |     2 ||     2
  Eat: Chunk             |     1 |     5 ||     6
       Ration            |       |     1 ||     1
Armor: Skin              |    58 |   102 ||   160
Dodge: Dodged            |   104 |   275 ||   379
